 Dungeon Crawl Stone Soup version 0.20.1-1-g8b1a95d (webtiles) character file.

345 letownia2 the Grave Robber (level 6, 0/49 HPs)
             Began as a Deep Dwarf Necromancer on Nov 2, 2017.
             Slain by Eustachio
             ... wielding a +0 falchion of electrocution
              (7 damage)
             ... on level 5 of the Dungeon.
             The game lasted 00:07:59 (2197 turns).

letownia2 the Grave Robber (Deep Dwarf Necromancer) Turns: 2197, Time: 00:08:00

Health: 0/49       AC:  4    Str: 12    XL:     6   Next: 32%
Magic:  3/10       EV: 11    Int: 17    God:
Gold:   62         SH:  0    Dex: 13    Spells: 7/11 levels left

rFire    . . .     SeeInvis .   a - +0 whip
rCold    + . .     Gourm    .   (no shield)
rNeg     . . .     Faith    .   d - -2 ring mail (curse)
rPois    .         Spirit   .   t - +0 helmet
rElec    .         Reflect  .   (no cloak)
rCorr    +         Harm     .   (no gloves)
MR       .....                  (no boots)
Stlth    +.........             g - amulet of rage
Regen    0.0/turn               k - ring of protection from cold
MPRegen  0.2/turn               x - ring of resist corrosion

@: very slightly contaminated, non-regenerating
A: damage resistance, heal wounds, sense surroundings 1, no regeneration
a: Heal Wounds, Evoke Berserk Rage


You were on level 5 of the Dungeon.
You were not hungry.

You visited 1 branch of the dungeon, and saw 5 of its levels.

You collected 62 gold pieces.

Inventory:

Hand Weapons
 a - a +0 whip (weapon)
 b - a +1 antimagic short sword
 j - a +3 short sword
Missiles
 h - 6 curare-tipped needles
 i - 9 tomahawks (quivered)
 u - a throwing net
Armour
 d - a cursed -2 ring mail (worn)
 e - a +0 leather armour
 s - a +0 ring mail
 t - a +0 helmet (worn)
 y - a +0 scale mail
Jewellery
 g - an amulet of rage (around neck)
 k - a ring of protection from cold (left hand)
 x - a ring of resist corrosion (right hand)
Scrolls
 n - a scroll of remove curse {unknown}
 q - 2 scrolls of teleportation {unknown}
 v - a scroll of enchant weapon {unknown}
Potions
 f - 2 potions of curing
 m - a potion of might {unknown}
Comestibles
 c - 2 bread rations
 p - 4 fruits
 r - a royal jelly
 w - 2 chunks of flesh


   Skills:
 - Level 2.0 Armour
 - Level 2.1 Dodging
 - Level 2.4 Stealth
 + Level 3.2 Spellcasting
 - Level 7.1 Necromancy


You had 7 spell levels left.
You knew the following spells:

 Your Spells              Type           Power        Failure   Level  Hunger
a - Pain                  Necr           ####         1%          1    None
v - Vampiric Draining     Necr           ####......   6%          3    ###....


Dungeon Overview and Level Annotations

Branches:
Dungeon (5/15)
 Temple: D:4-7

Altars:
Cheibriados
Makhleb

Annotations:
D:3 vineage's ghost, amateur GrFi
D:5 Eustachio


Innate Abilities, Weirdness & Mutations

You are resistant to damage.
You can heal yourself by infusing magical energy.
You passively map a small area around you.
You do not regenerate.


Message History

The bat closely misses you.
Unknown command.
You hit the bat.
You kill the bat!
The bat's corpse disappears in a puff of smoke!
The bat barely misses you. The bat hits you.
Unknown command.
You hit the hound skeleton but do no damage.
The hound skeleton is lightly damaged.
The shadow imp disappears in a puff of smoke!
The ufetubus disappears in a puff of smoke!
The bat barely misses you.
The hound skeleton bites you but does no damage.
The shadow imp disappears for a moment.
The hound skeleton misses you.
Your ring mail prevents you from hitting the hound skeleton.
The hound skeleton is lightly damaged.
The hound skeleton bites you but does no damage.
Eustachio hits you with a falchion of electrocution!
You die...

,$.........#,
........[.# $.........#
, ,........#.# *
######..#.# #.........#
### #.##bb..#.#,, , ,
...#.##@#.##.......#***
#.#.##@#.##.#.###.# ,
#..5<#Z#.##.#.# ,
#.#5##5#.##.# #
,#.###.##.#.##.# *
#......ยง.#.....
#####.######### * *
*#.# , ..# ##.#


You could see Eustachio, a shadow imp, 2 bats and a hound skeleton.

Vanquished Creatures
  A scorpion (D:4)
  A howler monkey (D:4)
  3 hounds (D:4)
  2 orc wizards (D:4)
  4 gnolls (D:4)
  2 adders (D:4)
  2 oozes (D:1)
  An adder skeleton (D:4)
  2 dart slugs
  A leopard gecko (D:4)
  10 orcs (D:4)
  2 giant cockroaches
  A goblin (D:1)
  2 hobgoblins
  2 kobolds
  A bat (D:1)
  3 frilled lizards (D:4)
  3 rats
43 creatures vanquished.

Notes
Turn   | Place    | Note
-------+----------+-------------------------------------------
     0 | D:1      | letownia2 the Deep Dwarf Necromancer began the quest for the Orb.
     0 | D:1      | Reached XP level 1. HP: 15/15 MP: 3/3
   123 | D:1      | Reached XP level 2. HP: 22/22 MP: 1/5
   379 | D:2      | Reached skill level 5 in Necromancy
   485 | D:2      | Found a snail-covered altar of Cheibriados.
   487 | D:2      | You fall through a shaft!
   575 | D:3      | Noticed vineage's ghost (amateur GrFi)
   638 | D:4      | Reached XP level 3. HP: 15/28 MP: 3/6
   643 | D:4      | Learned a level 3 spell: Vampiric Draining
   995 | D:4      | Found a burning altar of Makhleb.
   995 | D:4      | Noticed a cacodemon
  1069 | D:4      | Reached XP level 4. HP: 24/36 MP: 3/7
  1101 | D:4      | Reached skill level 1 in Armour
  1142 | D:4      | Noticed a phantom
  1185 | D:4      | Reached skill level 6 in Necromancy
  1475 | D:4      | Reached XP level 5. HP: 28/42 MP: 1/8
  1635 | D:4      | Reached skill level 7 in Necromancy
  1767 | D:4      | Reached XP level 6. HP: 44/49 MP: 0/9
  2147 | D:5      | Entered Level 5 of the Dungeon
  2161 | D:5      | Noticed Eustachio
  2197 | D:5      | Slain by Eustachio

Skill      XL: |  1  2  3  4  5  6 |
---------------+-------------------+-----
Spellcasting   | 2 3 |  3.2
Necromancy     | 5 6 7 |  7.1
Armour         | 2 |  2.0
Dodging        | |  2.1
Stealth        | |  2.4

Action                   |  1- 3 |  4- 6 || total
-------------------------+-------+-------++-------
Melee: Whip              |     1 |    39 ||    40
Throw: Tomahawk          |     1 |     2 ||     3
 Cast: Pain              |    33 |    51 ||    84
       Vampiric Draining |     6 |    13 ||    19
 Stab: Sleeping          |     1 |       ||     1
  Eat: Chunk             |     2 |     5 ||     7
Armor: Leather armour    |     6 |       ||     6
       Ring mail         |       |    49 ||    49
Dodge: Dodged            |    18 |    62 ||    80
